 Dungeon Crawl Stone Soup version 0.26-a0-651-gb41185065b (webtiles) character file.

Game seed: 9717565307612263143

1 Kraken2834 the Firebug (level 1, 0/10 HPs)
             Began as a Gargoyle Fire Elementalist on Sept 30, 2020.
             Slain by an ooze (2 damage)
             ... on level 1 of the Dungeon.
             The game lasted 00:01:57 (74 turns).

Kraken2834 the Firebug (Gargoyle Fire Elementalist)   Turns: 74, Time: 00:01:58

Health: 0/10       AC:  4    Str: 11    XL:     1   Next: 20%
Magic:  0/3        EV: 12    Int: 15    God:
Gold:   0          SH:  5    Dex: 10    Spells: 3/4 levels left

rFire    . . .     SeeInvis .   (no weapon)
rCold    . . .     Faith    .   (no shield)
rNeg     + . .     Spirit   .   a - +0 robe
rPois    ∞         Reflect  +   (no helmet)
rElec    +         Harm     .   (no cloak)
rCorr    .         Rampage  .   (no gloves)
MR       .....                  (no boots)
Stlth    ++........             b - amulet of reflection
HPRegen  0.03/turn              (no ring)
MPRegen  0.08/turn              (no ring)

@: no status effects
A: negative energy resistance 1, electricity resistance, unbreathing,
petrification resistance, rot immunity, AC +2
a: no special abilities


You were on level 1 of the Dungeon.
You visited 1 branch of the dungeon, and saw 1 of its levels.

Inventory:

Armour
 a - a +0 robe (worn)
Jewellery
 b - an amulet of reflection (around neck)


   Skills:
 + Level 1.5 Dodging
 + Level 2.1 Stealth
 + Level 2.0 Spellcasting
 + Level 1.1 Conjurations
 + Level 3.1 Fire Magic


You had 3 spell levels left.
You knew the following spells:

 Your Spells              Type           Power        Failure   Level
a - Foxfire               Conj/Fire      #...         10%         1

Your spell library contained the following spells:

 Spells                   Type           Power        Failure   Level
 Conjure Flame            Conj/Fire      #.......     28%         3
 Inner Flame              Hex/Fire       #.......     34%         3
 Sticky Flame             Conj/Fire      #.......     67%         4
 Fireball                 Conj/Fire      #.........   95%         5


Dungeon Overview and Level Annotations

Branches:
Dungeon (1/15)

Altars:


Innate Abilities, Weirdness & Mutations

You are resistant to torment.
Your stone body is resilient. (AC +2)
You are immune to poison.
You resist negative energy. (rN+)
You are resistant to electric shocks. (rElec)
You can survive without breathing.
You are immune to petrification.
You are immune to rotting.


Message History

Confirm with . or Enter, or press ? or * to list all spells.
You conjure some foxfire!
The ooze quivers.
The kobold hits you with a +0 dagger.
The foxfire hits the kobold.
You kill the kobold!
You hit the rat but do no damage.
The foxfire hits the ooze.
The ooze is moderately wounded.
The rat bites you but does no damage.
You completely miss the rat. The rat bites you.
You closely miss the rat. The rat misses you.
You barely miss the rat. You block the rat's attack.
You closely miss the rat. The rat closely misses you.
You hit the rat but do no damage. The ooze hits you.
* * * LOW HITPOINT WARNING * * *
The rat bites you but does no damage.
You barely miss the rat. You block the ooze's attack. The rat bites you.
* * * LOW HITPOINT WARNING * * *
You closely miss the rat. The ooze hits you.
You die...

#≈≈≈≈≈≈≈≈≈≈#
#≈≈....≈≈≈≈#
#≈.(..≈≈≈≈≈#
#≈........≈#
#≈≈≈..<....##
#≈≈.........#
###.........#
.....##.###..##
...........@r.#
......##....J#.########.
.###..######.#...K......
#(. #.#######.... #.# .
#.# #.# ... #..


You could see an ooze and a rat.

Vanquished Creatures
  2 kobolds (D:1)
2 creatures vanquished.

Vanquished Creatures (others)
  5 foxfires (D:1)
5 creatures vanquished.

Grand Total: 7 creatures vanquished

Notes
Turn   | Place    | Note
-------+----------+-------------------------------------------
     0 | D:1      | Kraken2834 the Gargoyle Fire Elementalist began the quest
                  | for the Orb.
     0 | D:1      | Reached XP level 1. HP: 10/10 MP: 3/3
    74 | D:1      | Slain by an ooze

Illustrated notes

Levels and vault maps discovered:
D:1:      dpeg_arrival_pond, layout_loops_ring, minivault_11

Action                   || total
-------------------------++-------
Melee: Unarmed           ||    21
 Cast: Foxfire           ||     4
Armor: Robe              ||     7
Dodge: Dodged            ||    10
Block: Other             ||     4

Table legend: (Time is in decaauts)
 A = Elapsed time spent in this place.
 B = Non-inter-level travel time spent in this place.
 C = Inter-level travel time spent in this place.
 D = Time resting spent in this place.
 E = Time spent auto-exploring this place.
 F = Levels seen in this place.
 G = Mean time per level.
                   A        B        C        D        E       F      G
               +--------+--------+--------+--------+--------+-----+--------+
         Total |     74 |     65 |      9 |      0 |     14 |   1 |   74.0 |
       Dungeon |     74 |     65 |      9 |      0 |     14 |   1 |   74.0 |
               +--------+--------+--------+--------+--------+-----+--------+

Top non-repeatable levels by time:
     D:1: 74 daAuts
